 Dungeon Crawl Stone Soup version 0.30.0-15-g856e2d3f33 (webtiles) character file.

Game seed: 2809322280397791718

560 BubbleThief the Shield-Bearer (level 7, 0/56 HPs)
             Began as a Formicid Fighter on May 19, 2023.
             Slain by an ogre
             ... wielding a +0 giant spiked club
              (26 damage)
             ... on level 6 of the Dungeon.
             The game lasted 00:05:47 (3985 turns).

BubbleThief the Shield-Bearer (Formicid Fighter)    Turns: 3985, Time: 00:05:47

Health: 0/56       AC: 12    Str: 23    XL:     7   Next: 57%
Magic:  7/7        EV:  9    Int:  7    God:
Gold:   285        SH:  6    Dex: 19    Spells: 6/6 levels left

rFire   . . .        a - +0 war axe
rCold   . . .        c - +0 buckler
rNeg    . . .        t - +5 scale mail of Viny Tender Moments {rElec}
rPois   .            (helmet unavailable)
rElec   +            (no cloak)
rCorr   .            (no gloves)
SInv    +            (no boots)
Will    .....        (no amulet) Stlth
                     q - +6 ring of dexterity
HPRegen 0.29/turn    (no ring)
MPRegen 0.10/turn

%: no passive effects
@: no status effects
A: permanent stasis, dig shafts and tunnels, antennae 3, four strong arms
a: Dig, Shaft Self


You were on level 6 of the Dungeon.
You visited 1 branch of the dungeon, and saw 6 of its levels.

You collected 285 gold pieces.

Inventory:

Hand Weapons
 a - a +0 war axe (weapon)
Armour
 c - a +0 buckler (worn)
 t - the +5 scale mail of Viny Tender Moments (worn) {rElec}
   (You found it on level 5 of the Dungeon)

   rElec:     It insulates you from electricity.
Jewellery
 q - a +6 ring of dexterity (left hand)
 w - a ring of fire
Wands
 f - a wand of charming (7)
Scrolls
 g - 2 scrolls of immolation {unknown}
 h - 5 scrolls of teleportation {unknown}
 i - 7 scrolls of identify {unknown}
 j - 3 scrolls of poison {unknown}
 l - a scroll of summoning {unknown}
 n - a scroll of noise {unknown}
 o - a scroll of enchant weapon {unknown}
 p - a scroll of blinking {unknown}
Potions
 b - 2 potions of haste {unknown}
 d - 3 potions of might
 e - a potion of attraction {unknown}
 k - 7 potions of heal wounds {unknown}
 m - 2 potions of mutation {unknown}
 r - 2 potions of invisibility {unknown}
 s - a potion of lignification {unknown}
 u - a potion of magic {unknown}
 v - a potion of cancellation {unknown}


   Skills:
 + Level 5.3 Fighting
 + Level 4.3 Axes
 + Level 5.4 Armour
 - Level 6.0 Shields


You had 6 spell levels left.
You didn't know any spells.
Your spell library contained the following spells:

 Spells                   Type           Power      Damage    Failure   Level
 Apportation              Tloc           0%         N/A       78%         1
 Necrotise                Necr           0%         1d4       78%         1
 Summon Small Mammal      Summ           0%         N/A       78%         1


Dungeon Overview and Level Annotations

Branches:
Dungeon (6/15)
 Temple: D:4-7

Altars:
Sif Muna

Shops:
D:2 (


Innate Abilities, Weirdness & Mutations

You cannot be hasted, slowed, berserked, paralysed or teleported.
You can dig through walls and to a lower floor.
You have a pair of large antennae on your head. (SInv)
Your four strong arms can wield two-handed weapons with a shield.


Message History

The ice beast is moderately wounded.
The ice beast hits you but does no damage.
You slash the ice beast!
The ice beast is severely wounded.
The ice beast hits you. The ice beast freezes you!
You hit the ice beast.
The ice beast is almost dead.
The ice beast barely misses you.
The ice beast hits you but does no damage.
Unknown command.
You closely miss the ice beast.
The ice beast is almost dead.
You block the ice beast's attack.
Unknown command.
You hit the ice beast.
You kill the ice beast!
No target in view!
HP restored.
You sense a monster nearby.
You sense a monster nearby.
An ogre comes into view. It is wielding a +0 giant spiked club.
The ogre shouts!
The ogre closely misses you.
You hit the ogre.
The ogre is lightly wounded.
The ogre barely misses you.
You barely miss the ogre.
The ogre is lightly wounded.
The ogre hits you with a +0 giant spiked club!!
Ouch! That really hurt!
You are too injured to fight recklessly!
You are too injured to fight recklessly!
You are too injured to fight recklessly!
You slash the ogre!
The ogre is heavily wounded.
Unknown command.
You barely miss the ogre.
The ogre is heavily wounded.
The ogre hits you with a +0 giant spiked club!!
You die...

#.#....#....#..#
#.#.#.##.##.#..####
#.#.#.............#
#......#....##.##.#
#.####.#....##.##.#
#.#..#.#....##.##.#
#.#..........#.##.#
#.#O##.#.....#.#..#
#.#@...#.....#.#.##
#......#.....#.#.#
###...###.....#.#.#
.......<>.....#.#.#
..............#.#.#
###...######.##.#.#
#...............#
......#####.##.###
###....# #.........


You could see an ogre.

Vanquished Creatures
  2 ice beasts
  An ogre (D:5)
  An orc priest (D:5)
  An iguana (D:5)
  A sleepcap (D:5)
  2 orc wizards (D:4)
  A gnoll (D:1)
  4 adders
  3 ufetubi (D:5)
  2 worms
  6 dart slugs
  13 orcs
  8 ball pythons
  8 bats
  10 endoplasms
  A giant cockroach (D:2)
  8 goblins
  4 hobgoblins
  3 jackals (D:3)
  A quokka (D:3)
  7 frilled lizards
  12 kobolds
  6 rats
105 creatures vanquished.

Notes
Turn   | Place    | Note
-------+----------+-------------------------------------------
     0 | D:1      | BubbleThief the Formicid Fighter began the quest for the
                  | Orb.
     0 | D:1      | Reached XP level 1. HP: 18/18 MP: 1/1
    60 | D:1      | Reached XP level 2. HP: 23/24 MP: 2/2
   335 | D:1      | Reached XP level 3. HP: 21/29 MP: 3/3
  1050 | D:2      | Reached XP level 4. HP: 36/36 MP: 4/4
  1057 | D:2      | Found Laekumapp's Antique Weapon Shop.
  1300 | D:2      | Reached skill level 5 in Shields
  1653 | D:3      | Found a shimmering blue altar of Sif Muna.
  1928 | D:3      | Found a faded altar of an unknown god.
  2262 | D:3      | Reached XP level 5. HP: 42/42 MP: 5/5
  2718 | D:4      | Reached skill level 6 in Shields
  2718 | D:4      | Reached XP level 6. HP: 34/47 MP: 6/6
  3140 | D:5      | Entered Level 5 of the Dungeon
  3140 | D:5      | Noticed an ogre
  3204 | D:5      | Killed an ogre
  3368 | D:5      | Identified the +6 scale mail of Agnosticism {rC+++ Str-4
                  | Dex-5 SInv}
  3400 | D:5      | Identified the +5 scale mail of Viny Tender Moments {rElec}
  3530 | D:5      | Reached XP level 7. HP: 27/55 MP: 7/7
  3697 | D:5      | Reached skill level 5 in Fighting
  3697 | D:5      | Reached skill level 5 in Armour
  3985 | D:6      | Slain by an ogre

Illustrated notes

Levels and vault maps discovered:
D:1:      lemuel_arrival_funnel, layout_loops_cross, minmay_tromino_mix6
D:2:      layout_loops_ring, serial_shops, shop, serial_bayou_pond_d,
          grunt_decor_arrowhead, corner_web_ring, nrook_mini_vaults,
          minmay_misc_feat_room
D:3:      layout_loops_corners, nicolae_sif_muna_little_library,
          basic_ecumenical_altar, minmay_misc_feat_cross, dk_noncrumbling_3,
          roderic_filled_cross, grunt_ministairs_11
D:4:      layout_cave_pools
D:5:      layout_cave_pools
D:6:      minmay_klotski, layout_basic, uniq_menkaure

Skill      XL: |  1  2  3  4  5  6  7 |
---------------+----------------------+-----
Shields        | 5 6 |  6.0
Armour         | 4 5 |  5.4
Fighting       | 4 5 |  5.3
Axes           | 3 4 |  4.3

Action                     |  1- 3 |  4- 6 |  7- 9 || total
---------------------------+-------+-------+-------++-------
  Melee: War axe           |    93 |   149 |    30 ||   272
  Evoke: Wand              |       |     2 |       ||     2
   Stab: Sleeping          |       |     1 |       ||     1
 Armour: Scale mail        |    32 |    64 |    16 ||   112
  Dodge: Dodged            |    46 |    67 |     8 ||   121
  Block: Buckler           |    21 |    48 |     8 ||    77
